 Dungeon Crawl Stone Soup version 0.30-a0-54-g2e61a25929 (webtiles) character file.

Game seed: 740115671120785876

1414 LnG the Chopper (level 8, 0/70 HPs)
             Began as a Hill Orc Fighter on Sept 7, 2022.
             Was a Follower of Beogh.
             Slain by an iguana (10 damage)
             ... on level 5 of the Dungeon.
             The game lasted 00:09:46 (4541 turns).

LnG the Chopper (Hill Orc Fighter)                  Turns: 4541, Time: 00:09:46

Health: 0/70       AC: 12    Str: 21    XL:     8   Next: 71%
Magic:  17/17      EV: 11    Int:  8    God:    Beogh [*.....]
Gold:   220        SH:  5    Dex: 13    Spells: 7/7 levels left

rFire   . . .      SeeInvis .    t - +6 trident of the Ring {vorpal, rElec rPois MP+9}
rCold   . . .      Faith    .    c - +0 buckler
rNeg    . . .      Spirit   .    u - +5 ring mail "Hizxitot" {Dex+3 Stlth+}
rPois   +          Reflect  .    s - +0 helmet
rElec   +          Harm     .    (no cloak)
rCorr   .          Rampage  .    (no gloves)
Will    .....                    (no boots)
Stlth   ++........               (no amulet)
HPRegen 0.21/turn                (no ring)
MPRegen 0.15/turn                (no ring)

@: mighty
A: no striking features
a: Renounce Religion


You were on level 5 of the Dungeon.
You worshipped Beogh.
Beogh was aware of your devotion.
You visited 1 branch of the dungeon, and saw 5 of its levels.

You collected 220 gold pieces.

Inventory:

Hand Weapons
 a - a +0 war axe
 t - the +6 trident of the Ring (weapon) {vorpal, rElec rPois MP+9}
   (You found it on level 3 of the Dungeon)

   It inflicts extra damage upon your enemies.
   rElec:     It insulates you from electricity.
   rPois:     It protects you from poison.
   MP:        It affects your magic capacity (+9).
Missiles
 v - 2 throwing nets (quivered)
Armour
 b - a +0 scale mail
 c - a +0 buckler (worn)
 s - a +0 helmet (worn)
 u - the +5 ring mail "Hizxitot" (worn) {Dex+3 Stlth+}
   (You found it on level 4 of the Dungeon)

   Dex:       It affects your dexterity (+3).
   Stlth:     It makes you more stealthy.
Jewellery
 p - a +6 ring of strength
 r - a ring of magical power
Wands
 m - a wand of flame (15)
Scrolls
 f - a scroll of amnesia {unknown}
 h - 2 scrolls of teleportation {unknown}
 i - 7 scrolls of identify {unknown}
 j - 2 scrolls of immolation {unknown}
 l - a scroll of fear {unknown}
 n - a scroll of fog {unknown}
 o - a scroll of blinking {unknown}
Potions
 e - 3 potions of resistance {unknown}
 g - a potion of lignification {unknown}
 k - a potion of brilliance {unknown}
 q - a potion of haste {unknown}


   Skills:
 + Level 5.9 Fighting
 + Level 6.9(8.1) Axes
 + Level 5.2(6.5) Polearms
 + Level 6.0 Armour
 + Level 2.1 Dodging
 + Level 1.4 Stealth
 + Level 4.6 Shields


You had 7 spell levels left.
You didn't know any spells.
Your spell library contained the following spells:

 Spells                   Type           Power      Damage    Failure   Level
 Sublimation of Blood     Necr           0%         N/A       80%         2
 Summon Lightning Spire   Summ/Air       0%         N/A       100%        4
 Haunt                    Necr/Summ      0%         N/A       100%        7
 Summon Hydra             Summ           0%         N/A       100%        7


Dungeon Overview and Level Annotations

Branches:
Dungeon (5/15)
 Temple: D:4-7

Altars:


Message History

You are too injured to fight recklessly!
You are too injured to fight recklessly!
You hit the iguana.
The iguana is moderately wounded.
The iguana misses you. The iguana bites you.
The white imp hits you but does no damage.
You hit the iguana.
The iguana is heavily wounded.
The iguana barely misses you. The iguana closely misses you.
The white imp hits you but does no damage.
You barely miss the iguana.
The iguana is heavily wounded.
The iguana barely misses you. The iguana misses you.
You block the white imp's attack.
You closely miss the iguana.
The iguana is heavily wounded.
You block the iguana's attack. The iguana closely misses you.
The white imp gestures at you. The puff of frost hits you!
* * * LOW HITPOINT WARNING * * *
You closely miss the iguana.
The iguana is heavily wounded.
The iguana bites you!
* * * LOW HITPOINT WARNING * * *
The iguana misses you. The white imp gestures at you.
The puff of frost hits you but does no damage.
You feel very mighty all of a sudden. You block the iguana's attack.
The iguana closely misses you. You block the white imp's attack.
You puncture the iguana!
You kill the iguana!
Beogh accepts your kill.
The iguana bites you but does no damage.
The white imp barely misses you.
You puncture the white imp!
You kill the white imp!
Beogh accepts your kill. The iguana bites you!
You die...

...........#
........<..##
............#
.........##.......
.........# #......
.........# ......
........## [....
........# .....
.......@# ....
##.....$l.........
#.........#....
#.........# ..
.....⌠.....
...........#
..........##
##.......##


You could see an iguana.

Vanquished Creatures
  Pikel (D:4)
  A water moccasin (D:5)
  The ghost of gregwegmann the Vexing, an amateur SpEn (D:3)
  A phantom (D:3)
  3 scorpions
  2 bullfrog skeletons (D:3)
  A bullfrog zombie (D:3)
  A gnoll bouda (D:4)
  Jessica (D:3)
  2 iguanas
  Natasha (thrice) (D:3)
  Ijyb (D:3)
  Robin (D:3)
  5 gnolls (D:4)
  4 adders
  A white imp (D:5)
  An ufetubus (D:3)
  A worm (D:2)
  4 dart slugs
  2 orcs
  5 endoplasms
  5 giant cockroaches
  13 goblins
  10 hobgoblins
  A quokka (D:1)
  9 ball pythons
  7 bats
  5 frilled lizards
  5 kobolds
  8 rats
105 creatures vanquished.

Vanquished Creatures (others)
  A goblin (D:2)
1 creature vanquished.

Grand Total: 106 creatures vanquished

Notes
Turn   | Place    | Note
-------+----------+-------------------------------------------
     0 | D:1      | LnG the Hill Orc Fighter began the quest for the Orb.
     0 | D:1      | Reached XP level 1. HP: 19/19 MP: 1/1
    58 | D:1      | Found a faded altar of an unknown god.
    98 | D:1      | Reached XP level 2. HP: 27/27 MP: 2/2
  1193 | D:2      | Reached XP level 3. HP: 31/33 MP: 3/3
  1507 | D:2      | Became a worshipper of Beogh the Brigand
  1920 | D:2      | Reached XP level 4. HP: 33/40 MP: 4/4
  2180 | D:3      | Noticed Ijyb
  2184 | D:3      | Paralysed by Ijyb for 2 turns
  2194 | D:3      | Paralysed by Ijyb for 4 turns
  2201 | D:3      | Killed Ijyb
  2365 | D:3      | Got the Guidebook on Black Rituals and Attendants
  2383 | D:3      | Found a transporter.
  2385 | D:3      | Found a transporter.
  2385 | D:3      | Noticed gregwegmann's ghost (amateur SpEn)
  2400 | D:3      | Noticed a phantom
  2413 | D:3      | Killed a phantom
  2414 | D:3      | Reached XP level 5. HP: 33/47 MP: 5/5
  2525 | D:3      | Noticed Jessica
  2529 | D:3      | Killed Jessica
  2530 | D:3      | Reached skill level 5 in Axes
  2555 | D:3      | Noticed Natasha
  2562 | D:3      | Killed Natasha
  2562 | D:3      | Reached * piety under Beogh
  2563 | D:3      | Reached XP level 6. HP: 42/53 MP: 6/6
  2783 | D:3      | Noticed Robin
  2794 | D:3      | Killed Robin
  2934 | D:3      | Noticed Natasha
  2946 | D:3      | Killed Natasha
  2947 | D:3      | Reached skill level 1 in Dodging
  3149 | D:3      | Noticed Natasha
  3161 | D:3      | Killed Natasha
  3230 | D:3      | Reached skill level 5 in Armour
  3243 | D:3      | Killed gregwegmann's ghost
  3244 | D:3      | Reached XP level 7. HP: 20/60 MP: 7/7
  3517 | D:3      | Identified the +6 trident of the Ring {vorpal, rElec rPois
                  | MP+9}
  3728 | D:4      | Identified the +5 ring mail "Hizxitot" {Dex+3 Stlth+}
  3757 | D:4      | Identified the +8 arbalest "Lifebane" {freeze, Will- SInv
                  | Stlth+}
  3879 | D:4      | Reached skill level 1 in Polearms
  4143 | D:4      | Noticed Pikel
  4156 | D:4      | Killed Pikel
  4157 | D:4      | Reached skill level 5 in Fighting
  4157 | D:4      | Reached skill level 1 in Stealth
  4157 | D:4      | Reached XP level 8. HP: 51/69 MP: 8/8
  4506 | D:5      | Entered Level 5 of the Dungeon
  4531 | D:5      | Reached skill level 5 in Polearms
  4541 | D:5      | Slain by an iguana

Illustrated notes

Levels and vault maps discovered:
D:1:      dpeg_arrival_pond, layout_basic,
          dreamdust_ecumenical_altar_angels_and_demons
D:2:      layout_loops_ring
D:3:      layout_basic, gammafunk_ghost_mausoleum, minmay_checkerbox, uniq_ijyb,
          uniq_jessica, uniq_natasha, uniq_robin
D:4:      layout_basic, uniq_pikel
D:5:      layout_cave_pods, mainiacjoe_overflow_paths, makhleb_heckhound_becter,
          serial_column_ruins, column_ruins_hut_water, column_ruins_open_small,
          column_ruins_open_large, column_ruins_grid_1, column_ruins_grid_2,
          column_ruins_open_large

Skill      XL: |  1  2  3  4  5  6  7  8 |
---------------+-------------------------+-----
Axes           | 3 4 5 6 |  6.9
Fighting       | 4 5 |  5.9
Armour         | 4 5 6 |  6.0
Shields        | 4 |  4.6
Dodging        | 1 2 |  2.1
Polearms       | 4 5 |  5.2
Stealth        | 1 |  1.4

Action                   |  1- 3 |  4- 6 |  7- 9 || total
-------------------------+-------+-------+-------++-------
Melee: War axe           |   112 |   120 |       ||   232
       Trident           |       |       |    86 ||    86
Invok: Convert to Beogh  |     1 |       |       ||     1
  Use: Potion            |       |       |     1 ||     1
 Stab: Sleeping          |       |       |     2 ||     2
Armor: Scale mail        |    56 |    71 |    10 ||   137
       Ring mail         |       |       |    44 ||    44
Dodge: Dodged            |    51 |    55 |    75 ||   181
Block: Buckler           |    29 |    24 |    36 ||    89

Table legend: (Time is in decaauts)
 A = Elapsed time spent in this place.
 B = Non-inter-level travel time spent in this place.
 C = Inter-level travel time spent in this place.
 D = Time resting spent in this place.
 E = Time spent auto-exploring this place.
 F = Levels seen in this place.
 G = Mean time per level.
                   A        B        C        D        E       F      G
               +--------+--------+--------+--------+--------+-----+--------+
         Total |   4645 |   4452 |    193 |    788 |   2758 |   5 |  929.0 |
       Dungeon |   4645 |   4452 |    193 |    788 |   2758 |   5 |  929.0 |
               +--------+--------+--------+--------+--------+-----+--------+

Top non-repeatable levels by time:
     D:3: 1559 daAuts
     D:1: 1201 daAuts
     D:2: 1020 daAuts
     D:4: 829 daAuts
     D:5: 35 daAuts
